AoeStats
← Křovák

Arabia

510334964Analyzed
1v1 RM · 2d ago on Sep 30, 2026· 29m 39s· 2 players
Game mode
Random Map
Map size
Tiny (2 player)
Population
200
Speed
Normal
Resources
Standard
Victory
Conquest
Starting age
Dark Age
Ending age
Imperial Age
RankedLock teamsTeams togetherTeam positionsShared explorationLock speedFull tech treeHidden civsTurbo modeCheats
Victory
Defeat
🇨🇿 Huns · Czechia
860
+14
🇹🇼 Franks · Taiwan
824
-37
菜菜丸子
5:32 Loom
10:48 Feudal Age
13:57 Double-Bit Axe
15:45 Gold Mining
18:47 Wheelbarrow
26:15 Castle Age
24:50 Wheelbarrow
27:04 Husbandry
Křovák
7:06 Loom
11:00 Feudal Age
11:39 Double-Bit Axe
11:37 Horse Collar
19:58 Castle Age
21:17 Bow Saw
22:47 Fletching
23:41 Heavy Plow
25:18 Padded Archer Armor
26:11 Bodkin Arrow
Connection lost

Rejoining the realm…

Still unreachable

The connection could not be restored.

Session expired

The server has moved on; the page needs a fresh start.